 Dungeon Crawl Stone Soup version 0.22-a0-322-g60b3cfd (webtiles) character file.

954 grindst0ne the Skirmisher (level 7, -18/59 HPs)
             Began as a Mummy Gladiator on Apr 2, 2018.
             Demolished by an ogre
             ... wielding a +0 giant spiked club
              (28 damage)
             ... on level 6 of the Dungeon.
             The game lasted 00:11:14 (6238 turns).

grindst0ne the Skirmisher (Mummy Gladiator)         Turns: 6238, Time: 00:11:15

Health: -18/59     AC: 12    Str: 19    XL:     7   Next: 91%
Magic:  7/7        EV:  6    Int:  8    God:
Gold:   200        SH:  0    Dex: 13    Spells: 6/6 levels left

rFire    x . .     SeeInvis .   a - +0 quarterstaff
rCold    + . .     Gourm    .   (shield currently unavailable)
rNeg     + + +     Faith    .   i - +0 plate armour
rPois    ∞         Spirit   .   c - +0 helmet
rElec    .         Reflect  .   (no cloak)
rCorr    .         Harm     .   h - +0 pair of gloves
MR       .....                  (no boots)
Stlth    ..........             (no amulet)
HPRegen  0.19/turn              (no ring)
MPRegen  0.10/turn              (no ring)

@: no status effects
A: no food or potions, fire vulnerability, cold resistance 1, negative energy
resistance 3, torment resistance, unbreathing
a: no special abilities


You were on level 6 of the Dungeon.
You were not hungry.

You visited 1 branch of the dungeon, and saw 6 of its levels.

You collected 200 gold pieces.

Inventory:

Hand Weapons
 a - a +0 quarterstaff (weapon)
 m - a +0 blowgun
Armour
 b - a +0 leather armour
 c - a +0 helmet (worn)
 g - a +0 ring mail
 h - a +0 pair of gloves (worn)
 i - a +0 plate armour (worn)
 p - a +3 leather armour of fire resistance
Jewellery
 n - an uncursed amulet of regeneration {unknown}
Wands
 o - a wand of digging (10)
Scrolls
 e - 5 scrolls of identify
 f - a scroll of remove curse
 k - a scroll of magic mapping {unknown}
 l - 2 scrolls of amnesia
 q - a scroll of random uselessness {unknown}


   Skills:
 + Level 6.7 Fighting
 + Level 5.9 Staves
 - Level 1.5 Throwing
 - Level 2.4 Dodging


You had 6 spell levels left.
You didn't know any spells.

Dungeon Overview and Level Annotations

Branches:
Dungeon (6/15)
 Temple: D:4-7

Altars:
Elyvilon

Annotations:
D:3 grindst0ne's ghost, amateur FoAK
D:4 Edmund


Innate Abilities, Weirdness & Mutations

You do not eat or drink.
Your flesh is vulnerable to fire.
You are immune to poison.
Your flesh is cold resistant. (rC+)
You are immune to negative energy. (rN+++)
You are immune to unholy pain and torment.
You can survive without breathing.


Message History

You see here 14 arrows.
You completely miss the ogre.
The ogre is heavily wounded.
The ogre hits you with a giant spiked club!
* * * LOW HITPOINT WARNING * * *
You hit the ogre.
The ogre is heavily wounded.
The ogre hits you with a giant spiked club.
* * * LOW HITPOINT WARNING * * *
There is a stone staircase leading up here.
You see here a poisoned tomahawk.
d - a poisoned tomahawk The ogre barely misses you.
Throwing (i - inventory)
d - a poisoned tomahawk (quivered)
Press: ? - help, Shift-Dir - straight line, f/p - ogre
Aim: an ogre, wielding a giant spiked club (heavily wounded)
You throw a poisoned tomahawk.
The poisoned tomahawk completely misses the ogre.
The ogre hits you with a giant spiked club!!
You die...

#.(# #.?#
#..#####
###.[....#
#..(..##.#
###.###.#
#...# #.#
#.#(###<#
#.#..@O(#
# #######


You could see an ogre.

Vanquished Creatures
  Grinder (D:3)
  2 ogres (D:5)
  2 centaurs (D:5)
  A howler monkey (D:4)
  A crimson imp (D:5)
  A hound (D:4)
  A bullfrog skeleton (D:5)
  2 orc wizards
  An iguana (D:5)
  A worker ant (D:4)
  A hound skeleton (D:5)
  4 gnolls
  4 adders
  3 worms
  3 dart slugs
  3 leopard geckos
  15 orcs
  3 giant cockroaches
  4 goblins
  8 hobgoblins
  4 jackals
  6 kobolds
  2 quokkas
  2 ball pythons (D:2)
  7 bats
  6 frilled lizards
  7 rats
95 creatures vanquished.

Notes
Turn   | Place    | Note
-------+----------+-------------------------------------------
     0 | D:1      | grindst0ne the Mummy Gladiator began the quest for the Orb.
     0 | D:1      | Reached XP level 1. HP: 16/16 MP: 1/1
   323 | D:1      | Reached XP level 2. HP: 21/23 MP: 2/2
   838 | D:1      | Reached XP level 3. HP: 28/28 MP: 3/3
  1005 | D:2      | Reached skill level 3 in Fighting
  1177 | D:2      | Found a white marble altar of Elyvilon.
  1351 | D:2      | Reached XP level 4. HP: 28/35 MP: 4/4
  2360 | D:3      | Noticed grindst0ne's ghost (amateur FoAK)
  2555 | D:4      | Reached skill level 4 in Fighting
  2555 | D:4      | Reached XP level 5. HP: 28/42 MP: 5/5
  3570 | D:5      | Entered Level 5 of the Dungeon
  3572 | D:5      | Noticed a centaur
  4039 | D:5      | Killed a centaur
  4039 | D:5      | Reached XP level 6. HP: 42/50 MP: 6/6
  4168 | D:5      | Reached skill level 5 in Fighting
  4314 | D:5      | Noticed Edmund
  4703 | D:5      | Reached skill level 5 in Staves
  4703 | D:5      | Reached XP level 7. HP: 31/56 MP: 7/7
  5219 | D:5      | HP: 2/57 [iguana (8)]
  5647 | D:5      | Reached skill level 6 in Fighting
  6005 | D:3      | Noticed Grinder
  6008 | D:3      | Paralysed by Grinder for 2 turns
  6019 | D:3      | Killed Grinder
  6238 | D:6      | Demolished by an ogre

Vault maps used:
D:1:      nicolae_arrival_somewhat_less_tricky_arrival
D:2:      kennysheep_six_static_rooms, first_ration, elyvilon_altar_3
D:3:      kennysheep_generic_room_12, uniq_grinder
D:5:      uniq_edmund
D:6:      minmay_temple_entry_fiery

Skill      XL: |  1  2  3  4  5  6  7 |
---------------+----------------------+-----
Staves         | 3 4 5 |  5.9
Fighting       | 3 4 5 6 |  6.7
Throwing       | |  1.5
Dodging        | |  2.4

Action                   |  1- 3 |  4- 6 |  7- 9 || total
-------------------------+-------+-------+-------++-------
Melee: Quarterstaff      |   137 |   188 |    70 ||   395
Throw: Throwing net      |       |     1 |     3 ||     4
       Tomahawk          |       |       |    10 ||    10
  Use: Scroll            |       |     1 |     3 ||     4
 Stab: Held in net/web   |       |     1 |     1 ||     2
Armor: Leather armour    |    23 |    18 |    23 ||    64
       Ring mail         |    41 |    60 |       ||   101
       Plate armour      |       |       |     6 ||     6
Dodge: Dodged            |    99 |   136 |    51 ||   286

Table legend:
 A = Spawn XP
 B = Non-spawn XP
 C = Spawn XP percentage of total XP
 D = Spawn monster count
 E = Non-spawn monster count
 F = Spawn count percentage of total count
 G = Total turns spent on level
                    A         B        C        D         E        F      G
               +---------+---------+-------+---------+---------+-------+---------
         Total |       0 |    1364 |   0.0 |       0 |      95 |   0.0 |  6238
               +---------+---------+-------+---------+---------+-------+---------
           D:1 |       0 |      42 |   0.0 |       0 |      23 |   0.0 |   914
           D:2 |       0 |      99 |   0.0 |       0 |      23 |   0.0 |   880
           D:3 |       0 |     338 |   0.0 |       0 |      14 |   0.0 |  1156
           D:4 |       0 |     196 |   0.0 |       0 |      14 |   0.0 |  2053
           D:5 |       0 |     689 |   0.0 |       0 |      21 |   0.0 |  1201
               +---------+---------+-------+---------+---------+-------+---------
